 Dungeon Crawl Stone Soup version 0.31-a0-1042-ga9834b393d (webtiles) character file.

Game seed: 14755501830449503170

501 senseless the Covered (level 6, -1/57 HPs)
             Began as a Minotaur Fighter on Nov 20, 2023.
             Succumbed to a scorpion's poison
             ... on level 5 of the Dungeon.
             The game lasted 00:04:49 (3133 turns).

senseless the Covered (Minotaur Fighter)            Turns: 3133, Time: 00:04:50

Health: -1/57      AC: 11    Str: 23    XL:     6   Next: 95%
Magic:  5/5        EV: 23    Int: 11    God:
Gold:   261        SH:  5    Dex:  9    Spells: 5/5 levels left

rFire   + . .        a - +0 war axe (flame)
rCold   + . .        c - +0 buckler
rNeg    . . .        v - +0 chain mail
rPois   +            (helmet restricted)
rElec   +            (no cloak)
rCorr   +            (no gloves)
SInv    +            (no boots)
Will    .....        i - amulet of the acrobat
Stlth   x              - ring of see invisible
HPRegen 0.29/turn    y - +6 ring of intelligence
MPRegen 0.09/turn

%: acrobat
@: lethally poisoned (-1 -> -6), resistant, acrobatic
A: horns 2, retaliatory headbutt, hooves 1, shaggy fur 1
a: no special abilities


You were on level 5 of the Dungeon.
You visited 1 branch of the dungeon, and saw 5 of its levels.

You collected 261 gold pieces.

Inventory:

Hand Weapons
 a - a +0 war axe of flaming (weapon)
Armour
 c - a +0 buckler (worn)
 v - a +0 chain mail (worn)
Jewellery
 i - an amulet of the acrobat (around neck)
 x - a ring of see invisible (left hand)
 y - a +6 ring of intelligence (right hand)
Talismans
 e - a serpent talisman
 j - a blade talisman
 r - a beast talisman
Scrolls
 f - a scroll of amnesia
 o - a scroll of revelation
Potions
 b - a potion of haste
 d - 3 potions of might
 n - a potion of brilliance
 q - a potion of enlightenment


   Skills:
 + Level 5.6 Fighting
 + Level 5.0 Axes
 + Level 5.6 Armour
 + Level 5.6 Shields


You had 5 spell levels left.
You didn't know any spells.
Your spell library contained the following spells:

 Spells                   Type           Power      Damage    Failure   Level
 Animate Armour           Summ/Erth      0%         N/A       100%        4
 Summon Lightning Spire   Summ/Air       0%         N/A       100%        4
 Lee's Rapid Deconstruct  Erth           0%         3d4*      100%        5


Dungeon Overview and Level Annotations

Branches:
Dungeon (5/15)             Temple (0/1) D:5

Altars:
The Shining One


Innate Abilities, Weirdness & Mutations

You have a pair of horns on your head.
You reflexively headbutt those who attack you in melee.
You have large cloven feet.
You are covered in fur. (AC +1)


Message History

The adder bites you but does no damage. The scorpion stings you.
You slash the adder! You burn the adder.
You kill the adder!
You barely miss the scorpion.
You feel very sick. You block the scorpion's attack.
The scorpion stings you but does no damage.
You hit the scorpion. You burn the scorpion.
The scorpion is moderately wounded.
You feel very sick.
The scorpion stings you but does no damage.
You closely miss the scorpion.
The scorpion is moderately wounded.
You feel very sick. The scorpion stings you.
* * * LOW HITPOINT WARNING * * *
The scorpion stings you.
* * * LOW HITPOINT WARNING * * *
You are lethally poisoned!
The scorpion poisons you!
You slash the scorpion! You burn the scorpion!
You kill the scorpion!
* * * LOW HITPOINT WARNING * * *
You feel very sick.
Your Axes skill increases to level 5!
It was a potion of mutation.
You feel extremely strange. Fur sprouts all over your body.
Your feet thicken and deform.
* * * LOW HITPOINT WARNING * * *
You feel very sick.
You feel protected.
* * * LOW HITPOINT WARNING * * *
You feel very sick.
* * * LOW HITPOINT WARNING * * *
You feel sick.
Things that are here:
a scorpion corpse; a howler monkey corpse
Okay, then.
* * * LOW HITPOINT WARNING * * *
You feel sick.
You die...

*,,,..........#....)........#.
*,,,..........#.......####.##.
*,,,..........'.......# #.##.
*,,,..........####.#+## #.##.
*,,,..........+.##.#.### #.##.
*,,,..........#........# #.##.
*****,**#..†###..#.#.#.# #.##.
*,* #..).†...#.#.#,* #..,,
#######*,* #....@...#)#,#,*******
#######*,* #........#.#,*,,,,,,,,
#......,,* #.?......#.#,,,,,,,,,,
#.#####****#......).#.#**********
#.##...,,,..........#..,,,,,,*
#.##.##**##########.#*******,*
#.##.## *..,,,,,,,,* ..##.##
*###******** ####.##


There were no monsters in sight!

Vanquished Creatures
  A black bear (D:4)
  An ogre (D:5)
  A scorpion (D:5)
  A howler monkey (D:5)
  A hound (D:5)
  An iguana (D:5)
  2 orc wizards (D:4)
  4 adders
  2 worms
  2 dart slugs
  9 orcs
  4 ball pythons
  5 endoplasms
  7 giant cockroaches
  4 hobgoblins
  2 jackals (D:1)
  4 quokkas
  2 bats
  2 frilled lizards
  5 goblins
  11 kobolds
  4 rats
75 creatures vanquished.

Notes
Turn   | Place    | Note
-------+----------+-------------------------------------------
     0 | D:1      | senseless the Minotaur Fighter began the quest for the Orb.
     0 | D:1      | Reached XP level 1. HP: 19/19 MP: 0/0
   275 | D:1      | Reached XP level 2. HP: 27/27 MP: 1/1
   558 | D:1      | Found a faded altar of an unknown god.
   604 | D:1      | You fall into a shaft and drop 1 floor!
  1184 | D:2      | Reached XP level 3. HP: 33/33 MP: 2/2
  1449 | D:3      | Identified the +1 robe of Dishonour {Int-5 Dex+5}
  1812 | D:3      | Reached XP level 4. HP: 40/40 MP: 3/3
  2394 | D:4      | Reached XP level 5. HP: 47/47 MP: 4/4
  2394 | D:4      | Noticed a black bear
  2401 | D:4      | Killed a black bear
  2402 | D:4      | Reached skill level 5 in Fighting
  2402 | D:4      | Reached skill level 5 in Armour
  2402 | D:4      | Reached skill level 5 in Shields
  2810 | D:4      | Found a glowing golden altar of the Shining One.
  2962 | D:5      | Entered Level 5 of the Dungeon
  3038 | D:5      | Reached XP level 6. HP: 51/56 MP: 5/5
  3129 | D:5      | Reached skill level 5 in Axes
  3129 | D:5      | Gained mutation: You are covered in fur. (AC +1) [potion of
                  | mutation]
  3129 | D:5      | Gained mutation: You have large cloven feet. [potion of
                  | mutation]
  3131 | D:5      | HP: 1/57 [poisoned by a scorpion]
  3133 | D:5      | Succumbed to a scorpion's poison

Illustrated notes

Levels and vault maps discovered:
D:1:      erik_arrival_blinker_ship, layout_basic,
          dreamdust_ecumenical_altar_hidden_monk_grotto
D:2:      layout_basic
D:3:      minmay_skewed_foursquare, layout_basic, minmay_gold_behind_fungi,
          nicolae_concentric_dashed_squares_wild
D:4:      layout_cave_pods, kennysheep_little_box, grunt_decor_resistance,
          corexii_leaking_fountain
D:5:      layout_basic, minmay_temple_entry_offerings, uniq_duvessa

Skill      XL: |  1  2  3  4  5  6 |
---------------+-------------------+-----
Fighting       | 4 5 |  5.6
Shields        | 4 5 |  5.6
Armour         | 4 5 |  5.6
Axes           | 3 4 5 |  5.0

Action                     |  1- 3 |  4- 6 || total
---------------------------+-------+-------++-------
  Melee: War axe           |   102 |    64 ||   166
         Headbutt          |    12 |    10 ||    22
    Use: Scroll            |       |    13 ||    13
         Potion            |       |     2 ||     2
 Armour: Scale mail        |    68 |       ||    68
         Chain mail        |     6 |    60 ||    66
  Dodge: Dodged            |    46 |    27 ||    73
  Block: Buckler           |    18 |    17 ||    35

Table legend: (Time is in decaauts)
 A = Elapsed time spent in this place.
 B = Non-inter-level travel time spent in this place.
 C = Inter-level travel time spent in this place.
 D = Time resting spent in this place.
 E = Time spent auto-exploring this place.
 F = Levels seen in this place.
 G = Mean time per level.
                   A        B        C        D        E       F      G
               +--------+--------+--------+--------+--------+-----+--------+
         Total |   3191 |   2970 |    221 |      0 |   2446 |   5 |  638.2 |
       Dungeon |   3191 |   2970 |    221 |      0 |   2446 |   5 |  638.2 |
               +--------+--------+--------+--------+--------+-----+--------+

Top non-repeatable levels by time:
     D:3: 891 daAuts
     D:4: 820 daAuts
     D:1: 712 daAuts
     D:2: 586 daAuts
     D:5: 179 daAuts
